Cogmind - Beta 12 @@@ ROGUE MODE // 2023.03.17 @ 03:49:25 Player: HybriD Result: Destroyed by Y-64 Sentinel with Wave Gun Performance ------------- Evolutions (1) 500 Regions Visited (5) 1000 Robots Destroyed (25) 125 Value Destroyed (714) 714 Prototype IDs (0) 0 Alien Tech Used (0) 0 Bonus (821) 821 TOTAL SCORE: 3160 Bonus ------- Follower Combat Kills 221 Met Imprinter 300 Was Imprinted 300 Cogmind --------- Core Integrity 0/400 Matter 288/300 Energy 100/100 System Corruption 14% Temperature Cool (10) Movement Core (150) Ox2 Location -6/Proximity Caves Parts ------- > --- POWER (1) -------- (None) > --- PROPULSION (3) --- (None) > --- UTILITY (3) ------ Small Storage Unit 0b10 Decoder Chip [Skirmisher] Makeshift Hacking Suite > --- WEAPON (2) ------- CR-A16's Pointy Stick > --- INVENTORY (8) ---- Angular Momentum Engine Enhanced Optical Array 0b10 Decoder Chip [Scout] Makeshift Salvage Targeting Computer Shock Rifle Particle Gun Peak State ------------ > --- POWER ------------ Makeshift Power Source > --- PROPULSION ------- Armored Treads Medium Treads Medium Treads > --- UTILITY ---------- Small Storage Unit 0b10 Decoder Chip [Skirmisher] Makeshift Hacking Suite > --- WEAPON ----------- Assault Rifle Slug Cannon > --- INVENTORY -------- Enhanced Optical Array 0b10 Decoder Chip [Scout] Makeshift Salvage Targeting Computer Shock Rifle Particle Gun CR-A16's Pointy Stick [Rating: 32] Favorites ----------- Power Ion Engine Engine Ion Engine Propulsion Aluminum Leg Treads Medium Treads Leg Aluminum Leg Wheel Compact Wheel Flight Unit Flight Unit Utility Small Storage Unit Device Improved Heat Sink Storage Small Storage Unit Processor 0b10 Decoder Chip [Skirmisher] Hackware Makeshift Hacking Suite Protection Improved Power Shielding Weapon Assault Rifle Energy Gun Shock Rifle Ballistic Gun Assault Rifle Ballistic Cannon Slug Cannon Launcher EMP Blaster Piercing Weapon CR-A16's Pointy Stick Build | -11 -10 -9 -9 -7 -6 ------- Run | Jun Mat Mat Min Zio Pro Slots Evolved 2 | . . 2 . . . Power . | . . . . . . Propulsion 1 | . . 1 . . . Utility 1 | . . 1 . . . Weapon . | . . . . . . Parts Attached 51 | 7 6 8 11 9 10 Power 7 | 2 1 . 2 1 1 Engine 7 | 2 1 . 2 1 1 Core . | . . . . . . Reactor . | . . . . . . Propulsion 20 | 2 1 2 5 4 6 Treads 4 | . . . . . 4 Leg 4 | . . . 4 . . Wheel 6 | 2 1 2 1 . . Hover . | . . . . . . Flight 6 | . . . . 4 2 Utility 8 | 1 2 2 1 2 . Device 2 | . 1 . 1 . . Storage 1 | 1 . . . . . Processor 2 | . . 1 . 1 . Hackware 1 | . . . . 1 . Protection 2 | . 1 1 . . . Artifact . | . . . . . . Weapon 16 | 2 2 4 3 2 3 Energy Gun 7 | . 2 3 1 . 1 Energy Cannon . | . . . . . . Ballistic Gun 5 | 2 . 1 1 1 . Ballistic Cannon 1 | . . . . . 1 Launcher 1 | . . . 1 . . Special Weapon . | . . . . . . Impact Weapon . | . . . . . . Slashing Weapon . | . . . . . . Piercing Weapon 2 | . . . . 1 1 Special Melee Weapon . | . . . . . . Unidentified Prototypes . | . . . . . . Corrupted Parts 3 | . . . . . 3 System Corruption 14 | . . . . . 14 Parts Lost 18 | . 5 . 8 . 5 Power 3 | . 1 . . . 2 Propulsion 8 | . 2 . 5 . 1 Utility 2 | . 1 . 1 . . Weapon 5 | . 1 . 2 . 2 Highest Loss Streak 6 | . 4 . 6 . 3 To Critical Strikes . | . . . . . . Average Slot Usage (%) 90 | . 82 77 90 93 96 Engine 11 | . 12 11 11 11 10 Treads 1 | . . . . . 12 Leg 10 | . . . 17 12 . Wheel 5 | . 15 11 7 . . Flight 7 | . . . . 14 19 Device 5 | . 8 6 6 6 . Storage 11 | . 14 11 11 11 11 Processor 5 | . . 11 3 6 11 Hackware 3 | . . . . 4 11 Protection 6 | . 3 5 11 4 . Energy Gun 7 | . 8 10 10 3 1 Ballistic Gun 14 | . 19 11 11 17 16 Naked Turns . | . . . . . . Heaviest Build 18 | 11 14 18 18 18 18 Greatest Support 76 | 26 26 26 30 20 76 Greatest Overweight (x) 4 | . 2 4 1 . 1 Average Overweight (x) . | . . . . . . Largest Inventory Capacity 8 | 8 8 8 8 8 8 Average Capacity 7 | 7 8 8 8 8 8 Most Carried 8 | 4 7 8 8 8 8 Average Carried 6 | 1 4 4 6 7 7 Final Capacity 8 | 8 8 8 8 8 8 Final Carried 8 | 3 5 6 7 8 6 Class Distribution -------------------- 53% | Scavenger-Mutant 23% | Mutant 23% | Derelict-Mutant Dominant Class ---------------- Mutant | -10/Materials Mutant | -9/Materials Scavenger-Mutant | -9/Mines Scavenger-Mutant | -7/Zion Derelict-Mutant | -6/Proximity Caves Resources | -11 -10 -9 -9 -7 -6 ----------- Run | Jun Mat Mat Min Zio Pro Matter Collected 974 | 276 86 12 304 24 272 Remotely . | . . . . . . Salvage Created 816 | 85 248 12 324 . 147 Parts 60 | 3 17 1 27 . 12 Haulers Intercepted . | . . . . . . Recyclers Shooed . | . . . . . . Parts Field Recycled . | . . . . . . Retrieved Matter . | . . . . . . Parts Self-Destructed 19 | . . . . . 19 Prevented 9 | . . . . . 9 Kills | -11 -10 -9 -9 -7 -6 ------- Run | Jun Mat Mat Min Zio Pro Combat Hostiles Destroyed 21 | . 6 . 10 . 5 Guns 19 | . 6 . 9 . 4 Cannons 1 | . . . . . 1 AOE 1 | . . . 1 . . Classes Destroyed 9 | 1 1 1 3 . 3 Worker 2 | . . 1 1 . . Tunneler 1 | . . . 1 . . Recycler 1 | 1 . . . . . Drone 1 | . . . . . 1 Swarmer 5 | . . . 3 . 2 Grunt 12 | . 6 . 6 . . Sentry 1 | . . . . . 1 Demolisher 1 | . . . 1 . . Programmer 1 | . . . . . 1 Best Kill Streak 4 | 1 2 1 4 . 2 Combat Bots Only 3 | . 2 . 3 . 2 Max Kills in Single Turn 1 | 1 1 1 1 . 1 Gunslinging . | . . . . . . Exploded 1 | . . . 1 . . Melee . | . . . . . . Uniques/NPCs Destroyed . | . . . . . . Combat | -11 -10 -9 -9 -7 -6 -------- Run | Jun Mat Mat Min Zio Pro Damage Taken 2486 | . 483 . 764 . 1239 Core 500 | . 77 . 71 . 352 Absorbed by Shields . | . . . . . . Redirected to Shielding 80 | . . . 80 . . Core Remaining (%) 84 | 100 69 . . . . Volleys Fired 91 | 3 30 6 27 . 25 Largest 2 | 2 2 2 2 . 2 Hottest 88 | 40 60 73 88 . 85 Shots Fired 173 | 6 57 12 53 . 45 Gun 163 | 6 57 12 50 . 38 Cannon 7 | . . . . . 7 Launcher 3 | . . . 3 . . Special . | . . . . . . Kinetic 127 | 6 51 6 26 . 38 Thermal 28 | . . . 21 . 7 Explosive . | . . . . . . Electromagnetic 18 | . 6 6 6 . . Robot Hit Streak 9 | 2 9 7 8 . 6 Robot Miss Streak 5 | 1 2 2 3 . 5 Penetration Max . | . . . . . . Secondary Targets 2 | . 2 . . . . Max Gunslinging Chain 1 | . 1 . . . . Shots Hit Robots 113 | 4 40 8 35 . 26 Core Hits 56 | 2 15 3 23 . 13 Critical Kills 1 | . . . 1 . . Critical Parts Destroyed . | . . . . . . Critical Strikes 2 | . . . 1 . 1 Destroy 1 | . . . 1 . . Impale 1 | . . . . . 1 Melee Attacks 6 | . . . . . 6 Impact . | . . . . . . Slashing . | . . . . . . Piercing 6 | . . . . . 6 Sneak Attacks . | . . . . . . Combat Hostiles . | . . . . . . Follow-up Attacks . | . . . . . . Damage Inflicted 1514 | 34 333 127 548 . 472 Guns 1262 | 34 333 127 479 . 289 Cannons 139 | . . . . . 139 Explosions 69 | . . . 69 . . Melee 44 | . . . . . 44 Ramming . | . . . . . . Kinetic 1082 | 34 295 73 268 . 412 Thermal 227 | . . . 211 . 16 Explosive . | . . . . . . Electromagnetic 161 | . 38 54 69 . . Impact . | . . . . . . Slashing . | . . . . . . Piercing 44 | . . . . . 44 Highest Corruption 14 | . . . 3 3 14 Average Corruption 4 | . . . 3 3 12 Corruption Purged . | . . . . . . Corruption Blocked . | . . . . . . Effects 21 | . . . 12 . 9 Message Errors 4 | . . . 2 . 2 Matter Fused 2 | . . . 2 . . Heat Flow Errors 5 | . . . 2 . 3 Energy Discharges 3 | . . . 2 . 1 Parts Rejected 1 | . . . . . 1 Data Loss (minor) 1 | . . . 1 . . Data Loss (major) 1 | . . . 1 . . Misfires 1 | . . . 1 . . Weapon Failures 3 | . . . 1 . 2 Overload Shots . | . . . . . . Overflow Damage 10 | . . . . . 10 Projectiles 10 | . . . . . 10 Explosions . | . . . . . . Melee . | . . . . . . Knockbacks 3 | . . . . . 3 Impact . | . . . . . . Kinetic 3 | . . . . . 3 Secondary . | . . . . . . Self-Inflicted Damage 23 | . . . 23 . . Shots 2 | . . . 2 . . Rammed . | . . . . . . Targets Rammed . | . . . . . . Kicked . | . . . . . . Crushed . | . . . . . . Highest Temperature 358 | . 131 9 230 . 358 Average Temperature 97 | . 63 4 66 . 158 Received Heat Transfer 534 | . 288 . 171 . 75 Effects 5 | . . . . . 5 Energy Bleed 2 | . . . . . 2 Interference 3 | . . . . . 3 Siege Activations . | . . . . . . Robots Corrupted . | . . . . . . Combat Hostiles . | . . . . . . Parts Fried . | . . . . . . Impact Corruptions . | . . . . . . Robots Melted . | . . . . . . Combat Hostiles . | . . . . . . Parts Melted . | . . . . . . Heat Transferred 555 | . . . 518 . 37 Parts Sabotaged . | . . . . . . Parts Stolen . | . . . . . . Parts Stripped . | . . . . . . Power Chain Reactions . | . . . . . . Missiles Intercepted . | . . . . . . Alert | -11 -10 -9 -9 -7 -6 ------- Run | Jun Mat Mat Min Zio Pro Peak Influence 272 | 5 149 136 272 . . Initial 62 | . 3 62 52 . . Average 73 | . 60 120 71 . . Maximum Alert Level 1 | . . . 1 . . Low Security (%) 95 | 100 100 100 93 . . Level 1 4 | . . . 6 . . Level 2 . | . . . . . . Level 3 . | . . . . . . Level 4 . | . . . . . . Level 5 . | . . . . . . High Security . | . . . . . . Max Security . | . . . . . . Squads Dispatched 2 | . 1 . . . 1 Investigation . | . . . . . . Extermination . | . . . . . . Reinforcement 1 | . 1 . . . . Assault 1 | . . . . . 1 Garrison . | . . . . . . Intercept . | . . . . . . Searches Triggered . | . . . . . . Construction Impeded . | . . . . . . Haulers Reinforced . | . . . . . . Active Scanning Responses . | . . . . . . Cargo Convoy Interrupts . | . . . . . . Stealth | -11 -10 -9 -9 -7 -6 --------- Run | Jun Mat Mat Min Zio Pro Distress Signals 4 | . 1 1 1 . 1 Communications Jammed . | . . . . . . Distress Signals . | . . . . . . Times Spotted 52 | . 11 1 20 . 20 Peak Tracking Total 11 | . 5 3 11 . 6 Tactical Retreats 3 | . . 1 1 . 1 Traps | -11 -10 -9 -9 -7 -6 ------- Run | Jun Mat Mat Min Zio Pro Traps Triggered 2 | . . 2 . . . Indirectly . | . . . . . . Trap Hack Attempts . | . . . . . . Triggered . | . . . . . . Disarmed . | . . . . . . Reprogrammed . | . . . . . . Reused . | . . . . . . Traps Extracted . | . . . . . . Installed . | . . . . . . Triggered . | . . . . . . Machines | -11 -10 -9 -9 -7 -6 ---------- Run | Jun Mat Mat Min Zio Pro Machines Disabled . | . . . . . . Max in Single Turn . | . . . . . . Machines Repaired . | . . . . . . Machines Sabotaged . | . . . . . . Overloaded Fab Kills . | . . . . . . Hacking | -11 -10 -9 -9 -7 -6 --------- Run | Jun Mat Mat Min Zio Pro Machines Accessed 10 | . 7 3 . . . Terminals 7 | . 5 2 . . . Fabricators . | . . . . . . Repair Stations 1 | . 1 . . . . Recycling Units 1 | . 1 . . . . Scanalyzers 1 | . . 1 . . . Garrison Access . | . . . . . . Total Hacks 22 | . 16 6 . . . Successful 13 | . 8 5 . . . Failed 9 | . 8 1 . . . Catastrophic 2 | . 2 . . . . Database Lockouts . | . . . . . . Manual . | . . . . . . Terminals 13 | . 9 4 . . . Fabricators . | . . . . . . Repair Stations 3 | . 3 . . . . Recycling Units 4 | . 4 . . . . Scanalyzers 2 | . . 2 . . . Garrison Access . | . . . . . . Terminal Hacks 9 | . 6 3 . . . Record 5 | . 3 2 . . . Alert Level 3 | . 3 . . . . Zone Layout 1 | . . 1 . . . Fabricator Hacks . | . . . . . . Repair Station Hacks . | . . . . . . Recycling Unit Hacks 2 | . 2 . . . . Report Inventory 1 | . 1 . . . . Retrieve Components 1 | . 1 . . . . Scanalyzer 2 | . . 2 . . . Insert Component 1 | . . 1 . . . Analyze 1 | . . 1 . . . Garrison Access Hacks . | . . . . . . Unauthorized Hacks . | . . . . . . Terminals . | . . . . . . Fabricators . | . . . . . . Repair Stations . | . . . . . . Recycling Units . | . . . . . . Scanalyzers . | . . . . . . Garrison Access . | . . . . . . Data Cores Recovered . | . . . . . . Used . | . . . . . . Hacking Detections 9 | . 7 2 . . . Full Trace Events . | . . . . . . Feedback Events . | . . . . . . Feedback Blocked . | . . . . . . Robot Schematics Acquired . | . . . . . . Robots Built . | . . . . . . Authchips . | . . . . . . Time . | . . . . . . Total Robot Build Rating . | . . . . . . Part Schematics Acquired 1 | . . 1 . . . Parts Built . | . . . . . . Authchips . | . . . . . . Time . | . . . . . . Total Part Build Rating . | . . . . . . Parts Repaired . | . . . . . . Time . | . . . . . . Parts Recycled . | . . . . . . Recycled Matter . | . . . . . . Retrieved Matter . | . . . . . . Retrieved Components 1 | . 1 . . . . Parts Scanalyzed 1 | . . 1 . . . Part Schematics Acquired 1 | . . 1 . . . Parts Damaged . | . . . . . . Bothacking | -11 -10 -9 -9 -7 -6 ------------ Run | Jun Mat Mat Min Zio Pro Used RIF Installer . | . . . . . . Robots Hacked . | . . . . . . Non-combat . | . . . . . . Combat . | . . . . . . Robot Hacks Applied . | . . . . . . Relay Couplers Released . | . . . . . . Fabnet Peak Effective % . | . . . . . . Robots Rewired . | . . . . . . Allies Hacked . | . . . . . . Hacks Repelled . | . . . . . . Allies | -11 -10 -9 -9 -7 -6 -------- Run | Jun Mat Mat Min Zio Pro Total Allies 7 | . . . 3 4 . Largest Group 4 | . . . 3 4 4 Highest-Rated Group 154 | . . . 40 154 154 Highest-Rated Ally 40 | . . . 16 40 40 Total Orders . | . . . . . . Ally Attacks 35 | . . . 8 . 27 Total Damage 908 | . . . 87 . 821 Kills 7 | . . . . . 7 Allies Corrupted . | . . . . . . Allies Melted . | . . . . . . Intel | -11 -10 -9 -9 -7 -6 ------- Run | Jun Mat Mat Min Zio Pro Robot Analysis Total . | . . . . . . Derelict Logs Recovered 4 | . . . 2 2 . Drone Launches . | . . . . . . Drone Recoveries . | . . . . . . Exploration | -11 -10 -9 -9 -7 -6 ------------- Run | Jun Mat Mat Min Zio Pro Turns Passed 2913 | 57 342 223 992 934 365 Spaces Moved 2696 | 36 252 172 772 1083 381 Core 14 | 2 11 1 . . . Treads 51 | . . . . . 51 Legs 877 | . . . 477 400 . Wheels 741 | 34 241 171 295 . . Hover . | . . . . . . Flight 1013 | . . . . 683 330 Fastest Speed 32 | 50 90 90 80 39 32 Average Speed 84 | 90 99 105 108 68 56 Slowest Speed 250 | 100 150 250 190 120 163 Overloaded Moves . | . . . . . . Propulsion Burnouts . | . . . . . . Robots Hopped 1 | . . . . . 1 Cave-ins Triggered . | . . . . . . Exploration Rate (%) 52 | 3 55 15 98 89 53 Regions Visited 5 Branch Regions 3 Pre-discovered Areas 1 | . . . . 1 . Known Exits Taken . | . . . . . . Unknown Exits Taken 5 | 1 1 1 1 1 . Scrap Searched 5 | . . . 1 3 1 Spaces Dug . | . . . . . . Terrain Destroyed 3 | . . . . . 3 Melee . | . . . . . . Projectile 3 | . . . . . 3 AOE . | . . . . . . Terrain Rammed . | . . . . . . Walls Destroyed . | . . . . . . Machines Disabled . | . . . . . . Actions | -11 -10 -9 -9 -7 -6 --------- Run | Jun Mat Mat Min Zio Pro Total 3167 | 54 296 201 870 1271 475 Wait 255 | . . 4 47 161 43 Move 2689 | 35 251 171 771 1082 379 Hop 1 | . . . . . 1 Pick Up 51 | 9 8 9 11 9 5 Fast Attach 5 | . . . 1 2 2 Attach 34 | 6 6 5 7 3 7 Detach 1 | . . . . . 1 Swap 12 | 1 . 3 3 4 1 Drop 21 | . 1 3 3 9 5 Fire 91 | 3 30 6 27 . 25 Melee 6 | . . . . . 6 Ram . | . . . . . . Kick . | . . . . . . Crush . | . . . . . . Escape Stasis . | . . . . . . Rewire 1 | . . . . 1 . Trap . | . . . . . . Miscellaneous . | . . . . . . Route ------- -11/Junkyard -10/Materials -9/Materials -9/Mines (discovered 4 exits: [*Mat x2] / [*Exi] / *Zio) -7/Zion (discovered 2 exits: Dee / [*Pro]) -6/Proximity Caves (discovered 1 exit: [*Fac]) History --------- Turn | Location | Event 17 | -11/Junkyard | Discovered new exit (range 15) 58 | -11/Junkyard | Entered Materials 181 | -10/Materials | Lost 4 parts (1p2n1u) 309 | -10/Materials | Build established: Mutant 394 | -10/Materials | Discovered new exit (range 7) 400 | -10/Materials | Entered another Materials area 400 | -9/Materials | Evolved 2 slots: Propulsion x1, Utility x1 493 | -9/Materials | Discovered new exit (range 11) 623 | -9/Materials | Entered Mines 950 | -9/Mines | Assisted by bots powering up and referring to "LRC-V3" 951 | -9/Mines | Assembled infested the area 958 | -9/Mines | Learned Materials terminal intel 973 | -9/Mines | Build established: Scavenger-Mutant 1023 | -9/Mines | Met 8R-AWN 1033 | -9/Mines | Lost 6 parts (3n1u2w) 1441 | -9/Mines | A Derelict revealed a hidden shortcut to a safe place 1448 | -9/Mines | YI-UF0 nonchalantly dropped a Grenade Launcher on the ground 1453 | -9/Mines | Discovered new exit (range 10) 1479 | -9/Mines | Learned 2 Materials zone layouts 1498 | -9/Mines | Discovered new exit (range 8) 1593 | -9/Mines | Discovered new exit (range 5) 1615 | -9/Mines | Entered Zion 1671 | -7/Zion | System corruption cleaned by Quarantine Array 1734 | -7/Zion | Learned Factory emergency access door positions 1769 | -7/Zion | Learned location of 1 exit from Factory 1905 | -7/Zion | Learned location of Quarantine (-2) 1942 | -7/Zion | Found CR-A16's Pointy Stick 2185 | -7/Zion | Identified exit to Deep Caves 2306 | -7/Zion | Imprinted 2308 | -7/Zion | Declared Zion's savior 2406 | -7/Zion | Discovered new exit (range 16) 2424 | -7/Zion | Build established: Derelict-Mutant 2549 | -7/Zion | Entered Proximity Caves 2549 | -6/Proximity Caves | Accompanied by 4 allies 2571 | -6/Proximity Caves | Spotted B-75 Beast 2633 | -6/Proximity Caves | Spotter reported a threat 2646 | -6/Proximity Caves | Spotter reported a threat 2656 | -6/Proximity Caves | Attracted the attention of an 0b10 checkpoint 2686 | -6/Proximity Caves | Spotter reported a threat 2699 | -6/Proximity Caves | Spotter reported a threat 2735 | -6/Proximity Caves | Core integrity fell below 50% 2758 | -6/Proximity Caves | Spotter reported a threat 2763 | -6/Proximity Caves | System corruption reached 10% 2781 | -6/Proximity Caves | Lost 3 parts (1p1n1w) 2790 | -6/Proximity Caves | Spotter reported a threat 2843 | -6/Proximity Caves | Spotter reported a threat 2901 | -6/Proximity Caves | Core integrity fell below 20% 2910 | -6/Proximity Caves | Attracted the attention of an 0b10 outpost 2914 | -6/Proximity Caves | Discovered new exit (range 9) 2914 | -6/Proximity Caves | Destroyed by Y-64 Sentinel with Wave Gun Last Messages --------------- 02840_ Overheating: System interference. 02840_ 0b10 Decoder Chip [Skirmisher] temporarily disabled. 02840_ Acquired Angular Momentum Engine. 02843_ ALERT: Unidentified potential threat approaching Complex 0b10. 02848_ Overheating: Energy bleed (-25). 02856_ D#NBDTIA J|NHVRIDRFX7HH5GW Z&W= 02874_ System corrupted: Arm. Treads rejected. 02890_ Slug penetrates L-41 Fighter. 02890_ L-41 Fighter knocked back. 02893_ Slug Cannon severed. 02895_ Assault Rifle destroyed. 02899_ L-41 Fighter suffers critical hit (Impale). 02906_ System corrupted: Heat flow error (+167). 02909_ Med. Treads severed. 02910_ Y-64 Sentinel: "DETECTED UNIDENTIFIED DERELICT." 02911_ Mak. Power Source destroyed. 02913_ Med. Treads severed. 02914_ Y-64 Sentinel: "REQUESTING BACKUP." 02914_ Knocked back. 02914_ EXIT=FOUND Map ----- +----------------------------------------------------+ | ?????????????????????????????????????????????????? | | ?????????????????????????????????????????????????? | | ?????????????????????????????????????????????????? | | ?????????????????????????????????????????????????? | | ?????????????????????????????????????????????????? | | ?????????????????????????????????????????????????? | | ?????????????????????????????????????????????????? | | ?????????????????????????????????????????????????? | | ?????????????????????????????????????????????????? | | ?????????????????????????????????????????????????? | | ??#??????????????????????????????????????????????? | | ????????????????????????????????????????????? | | ? ?????????????????????????????????????? | | ? #????????????????????????????????????? | | ? ##?????????????????????? ????????????? | | #?# ##???????????????????? ????????????? | | # #?# #??????????????????# ?????????????? | | # ### #???????????????### ??????????????? | | # ## #??????????????# ???????????????? | | # ## ###??????????? ????????????????? | | # ## ??????????? ?????????????????? | | # ???????????? #??????????????????? | | #????#######?# #???????????????????? | | #????# b## #????????????????????? | | #????# Yl] #????????????????????? | | #????# ###=@ #????????????????????? | | ####### #?## C